 Dungeon Crawl Stone Soup version 0.27-a0-1220-g54dba09ff7 (webtiles) character file.

Game seed: 10480585566423432236

209545 Froggeryz the Fencer (level 18, 0/232 HPs)
             Began as a Barachi Gladiator on June 7, 2021.
             Was the Champion of the Shining One.
             Killed from afar by a shock serpent (22 damage)
             ... with a bolt of electricity
             ... on level 2 of the Snake Pit.
             The game lasted 00:54:57 (39172 turns).

Froggeryz the Fencer (Barachi Gladiator)           Turns: 39172, Time: 00:54:57

Health: 0/232      AC: 46    Str: 21    XL:     18   Next: 82%
Magic:  0/23       EV:  8    Int:  9    God:    the Shining One [******]
Gold:   2698       SH: 15    Dex: 16    Spells: 17/17 levels left

rFire    + + .     SeeInvis .   r - +6 double sword (flame)
rCold    + . .     Faith    .   O - +1 kite shield
rNeg     + + +     Spirit   +   U - +9 scales of the Dragon King {rPois rF+ rC+ Will+}
rPois    +         Reflect  .   c - +0 helmet
rElec    .         Harm     .   S - +2 cloak {rF+}
rCorr    .         Rampage  +   n - +0 pair of gloves
Will     ++...                  M - +2 pair of boots {rampage}
Stlth    ..........             l - amulet of guardian spirit
HPRegen  0.48/turn              P - +4 ring of protection
MPRegen  0.18/turn              y - +4 ring of protection

@: berserking, unable to hop, glowing, very quick
A: amphibious, slowness 1, strong legs 2, +LOS
}: 1/15 runes: decaying
a: Hop, Renounce Religion, Divine Shield, Cleansing Flame, Summon Divine Warrior


You were on level 2 of the Snake Pit.
You worshipped the Shining One.
The Shining One was exalted by your worship.
You visited 7 branches of the dungeon, and saw 32 of its levels.
You visited the Abyss 1 time.
You also visited: Bailey and Volcano.

You collected 4840 gold pieces.
You spent 1971 gold pieces at shops.
You donated 171 gold pieces to Zin.

Inventory:

Hand Weapons
 o - a +7 eudemon blade of holy wrath
 r - a +6 double sword of flaming (weapon)
Missiles
 d - 4 throwing nets (quivered)
 C - 15 curare-tipped darts
 D - 7 silver javelins
 F - 18 javelins
 K - 7 boomerangs of dispersal
Armour
 c - a +0 helmet (worn)
 e - a +0 tower shield
 n - a +0 pair of gloves (worn)
 M - a +2 pair of boots of rampaging (worn)
 O - a +1 kite shield (worn)
 S - a +2 cloak of fire resistance (worn)
 U - the +9 scales of the Dragon King (worn) {rPois rF+ rC+ Will+}
   (You bought it in a shop on level 2 of the Dungeon)

   It protects you from fire.
   It protects you from cold.
   It protects you from poison.
   It increases your willpower.
Jewellery
 l - an amulet of guardian spirit (around neck)
 m - a ring of resist corrosion
 y - a +4 ring of protection (right hand)
 B - a ring of protection from fire
 P - a +4 ring of protection (left hand)
 Q - an amulet of faith
 W - the ring of the Mage {Wiz Will++ Int+3}
   (You found it on level 1 of the Orcish Mines)

   [ring of wizardry]

   It improves your spell success rate.
   It affects your intelligence (+3).
   It greatly increases your willpower.
 X - the ring "Neha" {Will+ Int+6}
   (You found it on level 1 of the Orcish Mines)

   [ring of intelligence]

   It affects your intelligence (+6).
   It increases your willpower.
Wands
 h - a wand of flame (94)
 z - a wand of acid (5)
 A - a wand of mindburst (30)
 G - a wand of iceblast (14)
 R - a wand of paralysis (10)
 Y - a wand of charming (8)
Scrolls
 b - 5 scrolls of blinking
 i - a scroll of silence
 v - 2 scrolls of holy word
 x - 9 scrolls of identify
 E - 2 scrolls of brand weapon
 I - 3 scrolls of magic mapping
 J - 4 scrolls of teleportation
 N - 6 scrolls of fog
 T - a scroll of summoning
 V - a scroll of enchant armour
Potions
 a - a potion of cancellation
 f - 2 potions of mutation
 g - 4 potions of magic
 j - 11 potions of curing
 k - 2 potions of resistance
 p - 3 potions of might
 q - 3 potions of attraction
 s - a potion of berserk rage
 t - 8 potions of flight
 w - 3 potions of haste
 Z - a potion of ambrosia


   Skills:
 + Level 17.2 Fighting
 - Level 18.4 Long Blades
 * Level 13.0 Throwing
 - Level 13.0 Armour
 - Level 10.3 Dodging
 - Level 15.0 Shields
 - Level 7.0 Invocations


You had 17 spell levels left.
You didn't know any spells.
Your spell library contained the following spells:

 Spells                   Type           Power      Damage    Failure   Level
 Animate Skeleton         Necr           0%         N/A       100%        1
 Apportation              Tloc           0%         N/A       100%        1
 Corona                   Hex            0%         N/A       100%        1
 Foxfire                  Conj/Fire      0%         2x1d4     100%        1
 Freeze                   Ice            0%         1d3       100%        1
 Sandblast                Erth           0%         2d4       100%        1
 Summon Small Mammal      Summ           0%         N/A       100%        1
 Passwall                 Tmut/Erth      0%         N/A       100%        2
 Static Discharge         Conj/Air       0%         N/A       100%        2
 Conjure Flame            Conj/Fire      0%         6-21      100%        3
 Frozen Ramparts          Ice            0%         1d2       100%        3
 Inner Flame              Hex/Fire       0%         N/A       100%        3
 Ozocubu's Armour         Ice            0%         N/A       100%        3
 Stone Arrow              Conj/Erth      0%         3d7       100%        3
 Cause Fear               Hex            0%         N/A       100%        4
 Hailstorm                Conj/Ice       0%         3d3       100%        4
 Leda's Liquefaction      Hex/Erth       0%         N/A       100%        4
 Petrify                  Tmut/Erth      0%         N/A       100%        4
 Sticky Flame             Conj/Fire      0%         2d3       100%        4
 Summon Lightning Spire   Summ/Air       0%         N/A       100%        4
 Fireball                 Conj/Fire      0%         3d3       100%        5
 Lee's Rapid Deconstruct  Erth           0%         3d5*      100%        5
 Lightning Bolt           Conj/Air       0%         1d11      100%        5
 Metabolic Englaciation   Hex/Ice        0%         N/A       100%        5
 Silence                  Hex/Air        0%         N/A       100%        5
 Conjure Ball Lightning   Conj/Air       0%         3x3d6     100%        6
 Iron Shot                Conj/Erth      0%         9d1       100%        6
 Statue Form              Tmut/Erth      0%         N/A       100%        6
 Dragon Form              Tmut           0%         N/A       100%        7
 Ignition                 Fire           0%         3d3       100%        8
 Dragon's Call            Summ           0%         N/A       100%        9
 Shatter                  Erth           0%         3d5*      100%        9
 Tornado                  Air            0%         N/A       100%        9


Dungeon Overview and Level Annotations

Branches:
Dungeon (15/15)            Temple (1/1) D:5            Lair (6/6) D:11
  Swamp (4/4) Lair:4        Snake (3/4) Lair:4        Slime (1/5) Lair:6
    Orc (2/2) D:9             Elf (0/3) Orc:2        Vaults (0/5) D:14
 Depths (0/5) D:15         Bailey (visited)         Volcano (visited)

Altars:
Ashenzari
Cheibriados
Dithmenos
Elyvilon
Fedhas
Gozag
Hepliaklqana
Kikubaaqudgha
Makhleb
Nemelex Xobeh
Okawaru
Qazlal
Ru
Sif Muna
Trog
Uskayaw
Vehumet
Wu Jian
Xom
Yredelemnul
Zin
The Shining One
Beogh

Shops:
D:2 *??((   D:3 ?   D:4 (   Orc:2 *?[:

Portals:
Pandemonium: Orc:2
Trove: D:10 (give 14 potions of heal wounds)

Annotations:
Lair:3 exclusion: 4 oklob plants


Innate Abilities, Weirdness & Mutations

You are amphibious.
You cover ground slowly.
You can hop long distances.
You have an extended range of vision and can be seen from far away.


Message History

Okay, then.
A black mamba comes into view.
The black mamba hisses angrily.
The naga warrior spits poison at you. You block the splash of poison.
The anaconda grabs you. The anaconda barely misses you.
The anaconda constricts you.
Found a potion of curing, a glimmering arbalest and 14 poisoned darts.
Found a stone staircase leading up.
Okay, then.
Okay, then.
Okay, then.
You escape the anaconda's grasp.
The naga seems to regain its courage.
Found a potion of might.
Blink to where?
Press: ? - help, Dir - move target
As you read the scroll of blinking, it crumbles to dust. 2 naga magi come into view.
The naga mage shouts! x2
The naga no longer looks unusually strong.
The shock serpent shoots out a bolt of lightning at you!
The bolt of electricity hits you.
* * * LOW HITPOINT WARNING * * *
Found a scroll of enchant weapon.
The naga seems to regain its courage.
The shock serpent bites you but does no damage. x2
You climb upwards.
There is a stone staircase leading down here.
A red film seems to cover your vision as you go berserk!
You feel yourself moving faster!
You feel mighty!
The shock serpent bites you but does no damage.
You hit the shock serpent. You burn the shock serpent.
The shock serpent is lightly wounded.
You block the shock serpent's attack.
You closely miss the shock serpent.
The shock serpent is lightly wounded.
You closely miss the shock serpent.
The shock serpent is lightly wounded.
The shock serpent shoots out a bolt of lightning at you!
The bolt of electricity hits you!!
You die...

.....## ##...###......#
###### ##....##.......# #
##..............##
##......#.........# ##
#......##........##
.#######.(...###....(..##
...#..#......###.....(.#
....###.....###.S......#
.....###.#.## #.@......##
......##.#.#####.#####..##
......##.##..#####.# ###.#
......##.......###.# ###
.....###........#..#######
.....# #.............##..#
.....###.......##......###
....###........##.......#
..............###.......#


You could see a shock serpent.

Vanquished Creatures
  Nikola (Swamp:1)
  A tentacled monstrosity (Swamp:2)
  Jorgrun (D:14)
  Rupert (D:14)
  Kirke (Swamp:3)
  Roxanne (Swamp:2)
  An azure jelly (Swamp:4)
  Aizul (Snake:2)
  3 orc warlords (Orc:1)
  Nessos (D:14)
  3 bunyips
  A red draconian (Volcano)
  Snorg (Lair:6)
  Josephine (D:13)
  5 eleionomae
  A shambling mangrove (Swamp:4)
  3 vault guards
  5 boulder beetles
  Erolcha (D:11)
  3 ice dragons (Swamp:4)
  2 anacondas (Snake:1)
  5 naga warriors
  2 ghost crabs (Swamp:3)
  12 hydras
  4 two-headed ogres
  2 centaur warriors
  3 catoblepae
  4 alligators
  2 tengu warriors (D:15)
  A vampire mage (D:14)
  6 death yaks
  6 orc high priests (Orc:2)
  2 shock serpents
  5 naga sharpshooters
  Sonja (Lair:2)
  2 deep elf knights (D:15)
  4 spriggan druids
  2 salamander mystics
  2 skeletal warriors (D:15)
  A deep elf archer (D:15)
  A goliath frog (Swamp:3)
  A bog body (Swamp:3)
  2 infernal demonspawn (Orc:2)
  2 swamp dragons
  3 naga ritualists (Snake:1)
  2 wizards (D:14)
  A torturous demonspawn (Orc:2)
  A lindwurm (Lair:3)
  Pikel (D:5)
  A necromancer (D:15)
  6 deep elf pyromancers
  A deep elf zephyrmancer (D:15)
  7 orc knights
  5 mana vipers
  A frost giant zombie (D:15)
  5 salamanders
  7 orc sorcerers (Orc:2)
  2 will-o-the-wisps
  5 elephants (Lair:6)
  9 cyclopes
  4 manticores
  9 ugly things
  2 rust devils (Orc:2)
  A stone giant skeleton (D:15)
  2 guardian serpents
  An orange demon (Orc:2)
  5 naga magi (Snake:1)
  19 cane toads
  21 black mambas
  An unseen horror (D:12)
  5 freezing wraiths
  2 tengu conjurers (D:14)
  2 kobold demonologists (D:11)
  8 komodo dragons
  A yaktaur (D:15)
  2 rime drakes (Lair:6)
  An efreet (D:13)
  A bloated husk (Swamp:1)
  7 trolls
  12 polar bears
  9 tyrant leeches
  13 hornets
  4 raiju (Lair:6)
  4 slime creatures (Lair:6)
  An ettin zombie (D:15)
  29 blink frogs
  Sigmund (D:5)
  10 spriggans
  2 vampires
  44 yaks
  8 wyverns
  18 humans (D:14)
  A deep troll skeleton (D:15)
  2 hogs (Swamp:3)
  2 steam dragons
  6 wraiths
  2 basilisks
  5 swamp worm simulacra (Swamp:4)
  11 nagas
  A redback simulacrum (D:15)
  8 vampire mosquitoes
  2 chaos spawn (Orc:2)
  Menkaure (D:5)
  8 wargs
  Edmund (D:5)
  21 swamp worms
  3 acid dragons
  13 hell hounds (Lair:6)
  15 hydra simulacra (Swamp:4)
  27 water moccasins
  3 sky beasts
  13 black bears
  2 swamp drakes
  56 orc warriors
  An ice beast (D:7)
  16 wolves
  13 centaurs
  12 ogres
  2 lemures (D:5)
  A phantom (D:6)
  5 kobold brigands
  4 gnoll sergeants
  A wyvern zombie (D:8)
  12 bullfrogs
  2 wyvern skeletons
  9 killer bees
  4 wights (D:10)
  7 howler monkeys
  4 electric eels
  A centaur zombie (D:9)
  13 jellies
  A bullfrog skeleton (D:6)
  A hound (D:7)
  27 orc priests
  An iron imp (D:7)
  7 iguanas
  34 orc wizards
  7 hell rats
  2 killer bee zombies
  A hound skeleton (D:4)
  6 adders
  18 gnolls
  12 white imps (D:14)
  3 swamp drake simulacra (Swamp:4)
  An adder skeleton (D:4)
  A worm (D:2)
  2 dart slugs
  83 orcs
  9 endoplasms
  4 giant cockroaches
  5 goblins
  9 hobgoblins
  2 jackals (D:2)
  24 kobolds
  2 quokkas
  8 ball pythons
  8 bats
  A frilled lizard (D:2)
  8 rats
1013 creatures vanquished.

Vanquished Creatures (others)
  Maggie (Lair:1)
  3 bloated husks
  A tyrant leech (Swamp:1)
  A hog (Swamp:4)
  A swamp worm (Swamp:4)
  An orc warrior (Orc:1)
  A wolf (Lair:6)
  2 orcs (Orc:1)
  8 foxfires
  25 fungi
  3 pillars of salt (Orc:2)
  73 plants
  A withered plant (D:15)
121 creatures vanquished.

Grand Total: 1134 creatures vanquished

Notes
Turn   | Place    | Note
-------+----------+-------------------------------------------
     0 | D:1      | Froggeryz the Barachi Gladiator began the quest for the
                  | Orb.
     0 | D:1      | Reached XP level 1. HP: 17/17 MP: 1/1
   183 | D:1      | Reached skill level 4 in Long Blades
   339 | D:1      | Reached XP level 2. HP: 19/23 MP: 2/2
   420 | D:1      | Reached skill level 1 in Armour
   894 | D:1      | Found a faded altar of an unknown god.
   901 | D:1      | Became a worshipper of Zin the Law-Giver
   901 | D:1      | Reached * piety under Zin
  1173 | D:2      | Reached XP level 3. HP: 28/28 MP: 3/3
  1384 | D:2      | Found Rogirgh's Antique Weapon Emporium.
  1472 | D:2      | Found Nauzxag's Magic Scroll Boutique.
  1480 | D:2      | Reached skill level 5 in Long Blades
  1804 | D:2      | Reached ** piety under Zin
  1901 | D:2      | Found Pythrirr's Antique Weapon Emporium.
  1918 | D:2      | Reached XP level 4. HP: 33/34 MP: 4/4
  1994 | D:2      | Found Olashrur's General Store.
  2062 | D:2      | Found Gaon's Magic Scroll Boutique.
  2322 | D:3      | Found a shimmering blue altar of Sif Muna.
  2323 | D:3      | Found a stormy altar of Qazlal.
  2323 | D:3      | Found an opulent altar of Gozag.
  2324 | D:3      | Found a basalt altar of Yredelemnul.
  2858 | D:3      | Found Goij's Magic Scroll Shop.
  3211 | D:4      | Noticed an ogre
  3217 | D:4      | Killed an ogre
  3218 | D:4      | Reached skill level 6 in Long Blades
  3218 | D:4      | Reached XP level 5. HP: 7/39 MP: 5/5
  3471 | D:4      | Noticed a black bear
  3473 | D:4      | Found Ziets's Antique Weapon Boutique.
  3476 | D:4      | Killed a black bear
  3477 | D:4      | Reached skill level 7 in Long Blades
  3477 | D:4      | Reached XP level 6. HP: 44/46 MP: 6/6
  3530 | D:4      | Bought an encrusted falchion for 144 gold pieces
  3530 | D:4      | Identified the +4 falchion of Grace {distort, rElec} (You
                  | bought it in a shop on level 4 of the Dungeon)
  3539 | D:4      | Reached *** piety under Zin
  3764 | D:5      | Entered Level 5 of the Dungeon
  3864 | D:5      | Noticed a sky beast
  3877 | D:5      | Killed a sky beast
  3878 | D:5      | Reached skill level 8 in Long Blades
  3878 | D:5      | Reached XP level 7. HP: 52/52 MP: 7/7
  3888 | D:5      | Found a staircase to the Ecumenical Temple.
  4149 | D:5      | Noticed Sigmund
  4428 | D:5      | Killed Sigmund
  4429 | D:5      | Reached skill level 9 in Long Blades
  4467 | D:5      | Noticed Pikel
  4478 | D:5      | Killed Pikel
  4479 | D:5      | Reached skill level 5 in Fighting
  4479 | D:5      | Reached skill level 10 in Long Blades
  4479 | D:5      | Reached XP level 8. HP: 46/64 MP: 8/8
  4602 | D:5      | Noticed Edmund
  4611 | D:5      | Killed Edmund
  4880 | D:5      | Noticed Menkaure
  4889 | D:5      | Killed Menkaure
  4890 | D:5      | Reached skill level 11 in Long Blades
  5150 | D:5      | Noticed a yak
  5152 | D:5      | Noticed a yak
  5152 | D:5      | Noticed a yak
  5153 | D:5      | Noticed a yak
  5155 | D:5      | Noticed a yak
  5160 | D:5      | Noticed a yak
  5177 | D:5      | Killed a yak
  5178 | D:5      | Reached XP level 9. HP: 70/71 MP: 9/9
  5194 | D:5      | Reached skill level 12 in Long Blades
  5607 | D:6      | Reached skill level 1 in Invocations
  5721 | D:6      | Reached **** piety under Zin
  5758 | D:6      | Identified the +1 robe "Goxuirysa" {Fly rN+ Dex-5}
  5781 | D:6      | Reached skill level 13 in Long Blades
  6201 | D:7      | Reached XP level 10. HP: 74/82 MP: 9/11
  6277 | D:7      | Found a snail-covered altar of Cheibriados.
  6428 | D:7      | Identified the +6 hand axe "Laghuete" {venom, *Corrode rC+
                  | rN++}
  7110 | D:8      | Noticed a two-headed ogre
  7118 | D:8      | Killed a two-headed ogre
  7466 | D:8      | Found a blossoming altar of Fedhas.
  7470 | D:8      | Reached skill level 14 in Long Blades
  7926 | D:9      | Noticed a two-headed ogre
  7935 | D:9      | Killed a two-headed ogre
  8151 | D:9      | Reached XP level 11. HP: 58/89 MP: 7/14
  8611 | D:9      | Reached skill level 15 in Long Blades
  8611 | D:9      | Reached skill level 5 in Dodging
  8691 | D:9      | Identified the +5 scale mail of Cuonk {Fly Str+3 Dex-2}
  8710 | D:9      | Found a staircase to the Orcish Mines.
  8724 | D:9      | Reached skill level 5 in Invocations
  8899 | D:9      | Reached ***** piety under Zin
  8980 | D:10     | Entered Level 10 of the Dungeon
  9100 | D:10     | Found a portal to a secret trove of treasure.
  9689 | D:10     | Found a hide-covered altar of Uskayaw.
 10192 | D:11     | Noticed a boulder beetle
 10526 | D:11     | Killed a boulder beetle
 10748 | D:11     | Found a staircase to the Lair.
 10752 | D:11     | Reached skill level 16 in Long Blades
 11002 | D:11     | Noticed Erolcha
 11003 | D:11     | Cast into level 2 of the Abyss (Erolcha)
 11003 | Abyss:2  | Found a corrupted altar of Lugonu.
 11045 | D:11     | Escaped the Abyss
 11051 | D:11     | Killed Erolcha
 11052 | D:11     | Reached XP level 12. HP: 87/96 MP: 14/16
 11223 | D:11     | Noticed a boulder beetle
 11235 | D:11     | Killed a boulder beetle
 12152 | D:2      | Bought a +0 kite shield for 54 gold pieces
 12346 | Lair:1   | Entered Level 1 of the Lair of Beasts
 12377 | Lair:1   | Reached skill level 1 in Shields
 12475 | Lair:1   | Reached skill level 17 in Long Blades
 12880 | Lair:1   | Reached skill level 5 in Shields
 13085 | Lair:1   | Noticed Maggie
 13100 | Lair:1   | Killed Maggie
 13332 | Lair:1   | Reached ****** piety under Zin
 13358 | Lair:1   | Identified a scroll of acquirement
 13358 | Lair:1   | Acquired 652 gold pieces
 13865 | Lair:2   | Noticed a catoblepas
 13882 | Lair:2   | Killed a catoblepas
 13919 | Lair:2   | Gained mutation: You can hop long distances. [Barachi
                  | growth]
 13919 | Lair:2   | Reached XP level 13. HP: 101/101 MP: 18/18
 13962 | Lair:2   | Noticed Sonja
 13973 | Lair:2   | Killed Sonja
 14525 | Lair:3   | Found a dark tunnel.
 14534 | Volcano  | Entered a volcano
 14827 | Volcano  | Noticed a red draconian
 14834 | Volcano  | Killed a red draconian
 14905 | Volcano  | Reached skill level 18 in Long Blades
 15790 | Lair:3   | Reached skill level 10 in Shields
 16487 | Lair:4   | Found a staircase to the Swamp.
 16887 | Lair:4   | Found a staircase to the Snake Pit.
 17679 | Swamp:1  | Entered Level 1 of the Swamp
 18074 | Lair:4   | Reached XP level 14. HP: 16/108 MP: 2/19
 18903 | Lair:5   | Reached XP level 15. HP: 114/114 MP: 20/20
 19181 | Lair:6   | Entered Level 6 of the Lair of Beasts
 19751 | Lair:6   | Found a staircase to the Slime Pits.
 19799 | Lair:6   | Reached skill level 15 in Shields
 19935 | Lair:6   | Noticed Snorg
 19949 | Lair:6   | Killed Snorg
 19981 | Lair:6   | Reached skill level 10 in Fighting
 21368 | Lair:6   | Reached skill level 10 in Dodging
 21980 | Slime:1  | Entered Level 1 of the Pits of Slime
 22405 | D:2      | Bought the +9 scales of the Dragon King {rPois rF+ rC+
                  | Will+} for 1497 gold pieces
 22405 | D:2      | Found the +9 scales of the Dragon King {rPois rF+ rC+
                  | Will+}
 22428 | D:2      | Bought a scroll of teleportation for 36 gold pieces
 22428 | D:2      | Bought 3 scrolls of fog for 72 gold pieces
 22428 | D:2      | Bought a scroll of teleportation for 36 gold pieces
 22428 | D:2      | Bought a scroll of magic mapping for 42 gold pieces
 22428 | D:2      | Bought a scroll of blinking for 90 gold pieces
 22585 | Orc:1    | Entered Level 1 of the Orcish Mines
 22712 | Orc:2    | Entered Level 2 of the Orcish Mines
 23112 | Orc:2    | Found Fyamif's General Store.
 23113 | Orc:2    | Found Esuso's Magic Scroll Shoppe.
 23133 | Orc:2    | Reached skill level 5 in Armour
 23859 | Orc:2    | Reached XP level 16. HP: 119/127 MP: 19/21
 24082 | Orc:2    | Found a staircase to the Elven Halls.
 25004 | Orc:2    | Found Burph's Antique Armour Shop.
 25004 | Orc:2    | Found a one-way gate leading to the halls of Pandemonium.
 25004 | Orc:2    | Found Goucy's Book Boutique.
 25744 | Orc:1    | Reached skill level 10 in Armour
 26145 | Orc:1    | Found the ring of the Mage {Wiz Will++ Int+3}
 26163 | Orc:1    | Found the +7 great mace "Undeadhunter" {disrupt, rN+}
 26182 | Orc:1    | Identified the ring "Neha" {Will+ Int+6}
 26232 | Orc:1    | Identified the +8 dagger of Absolution {vorpal, rPois Will+
                  | Dex-2}
 26834 | Temple   | Entered the Ecumenical Temple
 27057 | Temple   | Fell from the grace of Zin
 27057 | Temple   | Became a worshipper of the Shining One
 27057 | Temple   | Reached * piety under the Shining One
 27057 | Temple   | Reached ** piety under the Shining One
 27057 | Temple   | Reached *** piety under the Shining One
 27462 | D:12     | Reached **** piety under the Shining One
 28089 | D:13     | Noticed Josephine
 28102 | D:13     | Killed Josephine
 28180 | D:13     | Found a flagged portal.
 28205 | Bailey   | Entered a bailey
 29277 | D:14     | Reached ***** piety under the Shining One
 29838 | D:14     | Noticed Nessos
 29850 | D:14     | Killed Nessos
 29898 | D:14     | Noticed Jorgrun
 29912 | D:14     | Killed Jorgrun
 29913 | D:14     | Reached XP level 17. HP: 61/139 MP: 11/22
 30042 | D:14     | Acquired a +6 double sword of flaming
 30417 | D:14     | Noticed Rupert
 30434 | D:14     | Killed Rupert
 30795 | D:14     | Found a gate to the Vaults.
 31104 | D:15     | Entered Level 15 of the Dungeon
 31104 | D:15     | Found a staircase to the Depths.
 31146 | D:15     | Reached skill level 5 in Throwing
 31557 | D:15     | Reached skill level 15 in Fighting
 31897 | D:15     | Found an opulent altar of Gozag.
 32803 | Swamp:1  | Noticed Nikola
 32816 | Swamp:1  | Reached ****** piety under the Shining One
 32826 | Swamp:1  | Killed Nikola
 33334 | Swamp:1  | Identified a +6 eudemon blade of holy wrath (a +4 demon
                  | blade of freezing blessed by the Shining One)
 33334 | Swamp:1  | Received a gift from the Shining One
 33452 | Swamp:2  | Identified Roxanne's Reference Book on Stones
 33452 | Swamp:2  | Noticed Roxanne
 33491 | Swamp:2  | Noticed a tentacled monstrosity
 33507 | Swamp:2  | Killed a tentacled monstrosity
 34199 | Swamp:2  | Killed Roxanne
 35000 | Swamp:3  | Reached XP level 18. HP: 151/151 MP: 23/23
 35044 | Swamp:3  | Reached skill level 10 in Throwing
 35489 | Swamp:4  | Entered Level 4 of the Swamp
 35491 | Swamp:4  | Noticed Kirke
 35522 | Swamp:3  | Killed Kirke
 36274 | Swamp:4  | Got a decaying rune of Zot
 36476 | Snake:1  | Entered Level 1 of the Snake Pit
 38006 | Snake:2  | Noticed Aizul
 38032 | Snake:2  | Killed Aizul
 39158 | Snake:3  | HP: 5/155 [naga/+0 long sword of electrocution (26)]
 39172 | Snake:2  | Killed from afar by a shock serpent

Illustrated notes

Levels and vault maps discovered:
D:1:      dpeg_arrival_line_fractal, layout_basic,
          hellmonk_ecumenical_altar_slurped_away
D:2:      layout_loops_ring, serial_shops, nicolae_shop_overgrown_old_shop,
          shop, nicolae_shop_statue_plus, shop, shop,
          hangedman_abyss_or_decor_lesser_grid, minmay_misc_feat_tiny,
          fountainhead
D:3:      layout_basic, grunt_temple_overflow_open, serial_shops,
          nicolae_shop_crystal
D:4:      layout_rooms, serial_shops, shop
D:5:      layout_basic, minmay_temple_entry_overgrown, uniq_pikel,
          uniq_menkaure, uniq_edmund, uniq_sigmund
D:6:      layout_rooms
D:7:      layout_basic, slow_altar_2
D:8:      minmay_angry_zag, layout_loops_ring, fedhas_altar_2
D:9:      layout_roguey, orc_0_dummy, nicolae_two_hexagons, minivault_25_ag,
          eino_tiny_chamber, chequers_decorated_corner, minivault_21,
          kennysheep_nub
D:10:     layout_irregular_city, nicolae_uskayaw_dance_hall, enter_trove_1,
          minivault_27, grunt_ministairs_14
D:11:     layout_stronghold, minmay_lair_entry_grove, uniq_erolcha
D:12:     layout_irregular_city, minmay_statues_item
D:13:     layout_irregular_city, enter_bailey_6, corexii_hall_statues_x,
          uniq_josephine
D:14:     layout_long_grid, grunt_vaults_entry_tiered,
          portal_ice_cave_entry_imps, uniq_nessos, uniq_rupert, uniq_jorgrun
D:15:     gammafunk_depths_entry_grave, layout_cave_pods, basic_altar
Temple:   regret_index_temple_generic_petals
Lair:1:   layout_long_grid, minivault_26, minivault_23, dpeg_stationary_puzzle,
          grunt_megastairs_4, infiniplex_staircase_pool_2, serial_bayou_shore_b,
          uniq_maggie
Lair:2:   layout_chaotic_city, uniq_sonja
Lair:3:   layout_hall_layers, lightli_volcano_entry_magma_tube,
          lemuel_fruit_tree, minmay_lair_oklob_chamber
Lair:4:   layout_regular_city, swamp_mist_pool, minmay_snake_entry_six_corridors
Lair:5:   layout_roguey, serial_bayou_shore_a, serial_bayou_shore_b
Lair:6:   hangedman_lair_caniforms_friends, layout_small_grid,
          minmay_slime_entry_jelly_boxes, uniq_snorg
Swamp:1:  layout_basic_swamp, nicolae_swamp_trees_clearing,
          nicolae_swamp_orc_logging_accident, swamp_pool1, uniq_nikola
Swamp:2:  layout_basic_swamp, evilmike_swamp_ruin_rubble_2, swamp_pool3,
          uniq_roxanne
Swamp:3:  layout_falls_marsh, infiniplex_staircase_pool, swamp_pool4
Swamp:4:  swamp_icy, layout_basic_swamp, uniq_kirke
Snake:1:  layout_grid_maze
Snake:2:  layout_chambers, st_stairs_12, uniq_aizul
Snake:3:  layout_onion_interference, basic_altar, grunt_ministairs_2,
          nicolae_snake_slithery_hallway, grunt_megastairs_5
Slime:1:  layout_caves
Orc:1:    nicolae_orc_accident_2, layout_caves, minmay_orc_treasury
Orc:2:    pf_orc_diabolical, layout_caves, basic_altar

Skill      XL: |  1  2  3  4  5  6  7  8  9 10 11 12 13 14 15 16 17 18 |
---------------+-------------------------------------------------------+-----
Long Blades    | 4 5 6 7 8 10 11 13 14 16 17 18 | 18.4
Armour         | 1 2 3 4 6 12 13 | 13.0
Fighting       | 3 5 6 8 9 12 14 16 17 | 17.2
Invocations    | 2 4 6 7 |  7.0
Dodging        | 4 7 10 | 10.3
Shields        | 7 12 14 15 | 15.0
Throwing       | 9 13 | 13.0

Action                   |  1- 3 |  4- 6 |  7- 9 | 10-12 | 13-15 | 16-18 || total
-------------------------+-------+-------+-------+-------+-------+-------++-------
Melee: Long sword        |    94 |    82 |   159 |   597 |   976 |   790 ||  2698
       Rapier            |       |       |       |       |    31 |       ||    31
       Double sword      |       |       |       |       |       |   955 ||   955
       Eudemon blade     |       |       |       |       |       |    39 ||    39
Invok: Recite            |       |       |     1 |     3 |     1 |     9 ||    14
       Brand Weapon With |       |       |       |       |       |     1 ||     1
 Abil: Hop               |       |       |       |     1 |    10 |     3 ||    14
Evoke: Wand              |       |       |       |    16 |    10 |    12 ||    38
  Use: Scroll            |       |    10 |       |    13 |     5 |    16 ||    44
       Potion            |       |       |       |       |     3 |     6 ||     9
 Stab: Distracted        |       |       |     4 |     6 |    19 |     8 ||    37
       Paralysed         |       |       |       |    21 |       |     8 ||    29
       Petrified         |       |       |       |       |     6 |       ||     6
       Invisible         |       |       |       |       |       |    11 ||    11
       Confused          |       |       |       |       |       |     4 ||     4
Armor: Leather armour    |    41 |    18 |       |       |       |       ||    59
       Pearl dragon scal |       |    28 |    77 |   283 |   341 |       ||   729
       Gold dragon scale |       |       |       |       |   111 |  1050 ||  1161
Dodge: Dodged            |    78 |    45 |    59 |   202 |   391 |   393 ||  1168
Block: Kite shield       |       |       |       |       |   416 |  1160 ||  1576
       Rpst.: Long sword |    28 |    12 |    12 |    53 |    87 |    40 ||   232
       Double sword      |       |       |       |       |       |    49 ||    49
       Eudemon blade     |       |       |       |       |       |     1 ||     1

Table legend: (Time is in decaauts)
 A = Elapsed time spent in this place.
 B = Non-inter-level travel time spent in this place.
 C = Inter-level travel time spent in this place.
 D = Time resting spent in this place.
 E = Time spent auto-exploring this place.
 F = Levels seen in this place.
 G = Mean time per level.
                   A        B        C        D        E       F      G
               +--------+--------+--------+--------+--------+-----+--------+
         Total |  42233 |  39391 |   2842 |   4052 |  28782 |  35 | 1206.7 |
       Dungeon |  19354 |  17496 |   1858 |   1604 |  13338 |  15 | 1290.3 |
        Temple |    314 |    242 |     72 |      0 |    240 |   1 |  314.0 |
          Lair |  10158 |   9671 |    487 |   1295 |   6865 |   6 | 1693.0 |
         Swamp |   4329 |   4137 |    192 |     43 |   3341 |   4 | 1082.2 |
     Snake Pit |   2942 |   2869 |     73 |     75 |   2435 |   3 |  980.7 |
    Slime Pits |     46 |     46 |      0 |     34 |      0 |   1 |   46.0 |
  Orcish Mines |   4300 |   4142 |    158 |    788 |   2400 |   2 | 2150.0 |
         Abyss |     49 |     49 |      0 |      0 |      0 |   1 |   49.0 |
        Bailey |    331 |    331 |      0 |      0 |    146 |   1 |  331.0 |
       Volcano |    407 |    407 |      0 |    212 |     15 |   1 |  407.0 |
               +--------+--------+--------+--------+--------+-----+--------+

Top non-repeatable levels by time:
   Orc:2: 2457 daAuts
  Lair:6: 2392 daAuts
     D:5: 1945 daAuts
  Lair:4: 1854 daAuts
   Orc:1: 1843 daAuts
    D:11: 1756 daAuts
  Lair:5: 1731 daAuts
    D:14: 1675 daAuts
    D:10: 1669 daAuts
  Lair:3: 1587 daAuts
     D:1: 1512 daAuts
 Snake:2: 1506 daAuts
 Snake:1: 1400 daAuts
     D:8: 1351 daAuts
  Lair:1: 1331 daAuts
